 Dungeon Crawl Stone Soup version 0.30-a0-389-g8d7d949f56 (webtiles) character file.

Game seed: 9351233688143268776

2669 arthad the Chopper (level 9, -1/67 (75) HPs)
             Began as a Vine Stalker Berserker on Dec 3, 2022.
             Was an Elder of Trog.
             Slain by a necrophage (4 damage)
             ... on level 7 of the Dungeon.
             The game lasted 00:14:25 (4448 turns).

arthad the Chopper (Vine Stalker Berserker)         Turns: 4448, Time: 00:14:25

HP:   -1/67 (75)    AC: 11    Str: 25    XL:     9   Next: 63%
MP:   0/10          EV: 12    Int: 13    God:    Trog [****..]
Gold: 427           SH:  0    Dex: 13    Spells: 8/8 levels left

rFire   . . .      SeeInvis .    v - +1 war axe
rCold   . . .      Faith    .    (no shield)
rNeg    . . .      Spirit   +    n - +0 scale mail
rPois   .          Reflect  .    q - +0 helmet
rElec   .          Harm     .    B - scarf {shadows}
rCorr   .          Rampage  +    k - +0 pair of gloves
Will    +++..                    C - +1 pair of boots {rampage}
Stlth   ..........               (no amulet)
HPRegen 2.11/turn                f - +6 ring of intelligence
MPRegen 0.12/turn                (no ring)

@: berserking, strong-willed, regenerating, heavily drained, very quick
A: fangs 3, regeneration 1, magic shield, antimagic bite, no potion heal 2
a: Renounce Religion, Berserk, Trog's Hand, Brothers in Arms


You were on level 7 of the Dungeon.
You worshipped Trog.
Trog was greatly pleased with you.
You visited 1 branch of the dungeon, and saw 7 of its levels.

You collected 427 gold pieces.

Inventory:

Hand Weapons
 a - a +0 hand axe
 v - a +1 war axe (weapon)
 x - the +2 mace of the Warrior-Mage {vorpal, *Rage rPois Will+++}
   (You found it on level 4 of the Dungeon)

   It inflicts extra damage upon your enemies.
   rPois:     It protects you from poison.
   *Rage:     It berserks you when you make melee attacks (+20% chance).
   Will:      It greatly increases your willpower.
 y - a +1 hand axe of flaming
 F - a +4 morningstar
Missiles
 c - 5 boomerangs (quivered)
 i - 2 throwing nets
 r - 15 poisoned darts
Armour
 k - a +0 pair of gloves (worn)
 n - a +0 scale mail (worn)
 q - a +0 helmet (worn)
 B - a scarf of shadows (worn)
 C - a +1 pair of boots of rampaging (worn)
 H - a +1 robe of resistance
Jewellery
 f - a +6 ring of intelligence (left hand)
Wands
 b - a wand of acid (8)
 e - a wand of polymorph (7)
 D - a wand of digging (7)
Scrolls
 h - 5 scrolls of identify
 l - 2 scrolls of poison
 m - a scroll of noise
 o - 5 scrolls of teleportation
 s - 2 scrolls of amnesia
 A - a scroll of immolation
 E - a scroll of enchant weapon
Potions
 d - 2 potions of might
 g - 3 potions of flight
 j - a potion of mutation {unknown}
 p - 2 potions of curing
 t - a potion of magic {unknown}
 u - 2 potions of cancellation {unknown}
 z - 2 potions of degeneration {unknown}


   Skills:
 * Level 7.0 Fighting
 * Level 7.0 Axes
 + Level 4.5 Armour
 + Level 4.4 Dodging
 + Level 3.0 Evocations


You had 8 spell levels left.
You didn't know any spells.
Your spell library contained the following spells:

 Spells                   Type           Power      Damage    Failure   Level
 Sandblast                Erth           0%         2d4       56%         1
 Passwall                 Tmut/Erth      0%         N/A       71%         2
 Static Discharge         Conj/Air       0%         2-2/arc   71%         2
 Inner Flame              Hex/Fire       0%         N/A       91%         3
 Stone Arrow              Conj/Erth      0%         3d7       91%         3
 Vhi's Electric Charge    Tloc/Air       0%         N/A       91%         3
 Cause Fear               Hex            0%         N/A       100%        4
 Arcjolt                  Conj/Air       0%         1d10      100%        5
 Lightning Bolt           Conj/Air       0%         1d11      100%        5
 Conjure Ball Lightning   Conj/Air       0%         3x3d6     100%        6
 Discord                  Hex            0%         N/A       100%        8
 Disjunction              Tloc           0%         N/A       100%        8


Dungeon Overview and Level Annotations

Branches:
Dungeon (7/15)             Temple (0/1) D:5

Altars:

Shops:
D:3 *   D:4 [   D:5 !


Innate Abilities, Weirdness & Mutations

You have razor-sharp teeth.
Your natural rate of healing is unusually fast.
When hurt, damage is shared between your health and your magic reserves.
Your bite disrupts and absorbs the magic of your enemies.
Potions cannot restore your health.


Message History

The necrophage hits you but does no damage.
The wight hits you with a +0 scimitar!
* * * LOW HITPOINT WARNING * * *
You feel drained.
* * * LOW HITPOINT WARNING * * *
You are too confused!
Okay, then.
You don't know any spells.
Okay, then.
It was a potion of curing.
Your system rejects the healing.
You feel better. The bullfrog closely misses you.
The necrophage hits you but does no damage.
The wight barely misses you.
The bullfrog hits you but does no damage.
Your skin crawls.
You feel strong-willed.
The bullfrog hits you but does no damage.
The necrophage hits you.
* * * LOW HITPOINT WARNING * * *
The wight hits you with a +0 scimitar.
* * * LOW HITPOINT WARNING * * *
Unknown command.
A red film seems to cover your vision as you go berserk!
You feel yourself moving faster!
You feel mighty! The bullfrog closely misses you.
The necrophage closely misses you. The wight hits you with a +0 scimitar!
* * * LOW HITPOINT WARNING * * *
You feel drained.
* * * LOW HITPOINT WARNING * * *
The bullfrog barely misses you.
Unknown command.
Unknown command.
You slash the necrophage!
The necrophage is almost destroyed.
You barely miss the bullfrog. You slash the wight! The bullfrog hits you.
* * * LOW HITPOINT WARNING * * *
You completely miss the wight.
The wight is severely damaged.
You closely miss the necrophage. You hit the bullfrog. The necrophage hits you.
You die...

,,,,,,,,,#...* ##.............
,,,,,,,,,#...#* ##..........>..
,,,,,,,,,*#...* ###.............)
,,,,,,,,,*#...###..............†.
,,,****,,,#.........##..........(
,*** *,,.*#...).######..........
** **,,..#...)## *#.........
**,,,......n## **#.........
**,,,,......F@#####,..........
****,,,,,...##.z"................
,,,,,,,,,..#*##$..............###
,,,,,,***..* #....####.......#
,,,,,****,,* #....#* *##.....###
,,,,** *,,** #.....#** #.......#
,,,,****,,* *#.......**##.......
,,,,,,**,,****...#....,*#........
,,**,,,,,,**,,,,,**,,,,......####


You could see a necrophage, a bullfrog and a wight.

Vanquished Creatures
  An unseen horror (D:6)
  A water moccasin (D:5)
  An orc warrior (D:4)
  An ice beast (D:5)
  2 sky beasts (D:6)
  2 black bears (D:5)
  An ogre (D:5)
  A centaur (D:5)
  2 phantoms
  2 necrophages (D:5)
  2 scorpions
  5 wights (D:7)
  2 howler monkeys (D:7)
  6 hounds (D:5)
  6 orc priests
  Ijyb (D:5)
  2 iguanas
  5 orc wizards
  4 gnolls (D:3)
  7 adders
  A white imp (D:6)
  An ufetubus (D:6)
  2 worms
  3 dart slugs
  29 orcs
  5 ball pythons
  5 bats
  7 endoplasms
  2 giant cockroaches (D:2)
  5 goblins
  9 hobgoblins
  5 jackals
  5 quokkas
  3 frilled lizards (D:1)
  3 kobolds
  5 rats
144 creatures vanquished.

Vanquished Creatures (collateral kills)
  A scorpion (D:5)
1 creature vanquished.

Grand Total: 145 creatures vanquished

Notes
Turn   | Place    | Note
-------+----------+-------------------------------------------
     0 | D:1      | arthad the Vine Stalker Berserker began the quest for the
                  | Orb.
     0 | D:1      | Reached XP level 1. HP: 11/11 MP: 2/2
    93 | D:1      | Reached XP level 2. HP: 14/16 MP: 3/3
   156 | D:1      | Reached XP level 3. HP: 15/20 MP: 2/4
   254 | D:1      | Reached ** piety under Trog
   712 | D:2      | Gained mutation: Your natural rate of healing is unusually
                  | fast. [Vine Stalker growth]
   712 | D:2      | Reached XP level 4. HP: 15/24 MP: 5/5
  1212 | D:3      | Found Taojiad's General Store.
  1276 | D:3      | Reached XP level 5. HP: 28/28 MP: 6/6
  1480 | D:3      | Reached *** piety under Trog
  1846 | D:4      | Noticed a phantom
  1852 | D:4      | Killed a phantom
  1853 | D:4      | Reached XP level 6. HP: 33/33 MP: 4/7
  2013 | D:4      | Identified the +2 mace of the Warrior-Mage {vorpal, *Rage
                  | rPois Will+++}
  2202 | D:4      | Noticed an orc warrior
  2207 | D:4      | Killed an orc warrior
  2406 | D:4      | Found Keresaspa's Dragon-Slaying Spoils.
  2466 | D:5      | Entered Level 5 of the Dungeon
  2492 | D:5      | Reached XP level 7. HP: 38/38 MP: 8/8
  2602 | D:5      | Reached skill level 5 in Axes
  2626 | D:5      | Reached skill level 5 in Fighting
  2766 | D:5      | Gained mutation: You have razor-sharp teeth. [Vine Stalker
                  | growth]
  2766 | D:5      | Reached XP level 8. HP: 35/43 MP: 5/9
  2770 | D:5      | Reached skill level 1 in Evocations
  2789 | D:5      | Found Icvojy Peaq's Distillery.
  2824 | D:5      | Found a staircase to the Ecumenical Temple.
  2855 | D:5      | HP: 3/64 [poisoned by a water moccasin]
  2914 | D:5      | Noticed Ijyb
  2921 | D:5      | Killed Ijyb
  3380 | D:6      | Reached XP level 9. HP: 29/48 MP: 4/10
  3439 | D:6      | Reached **** piety under Trog
  3698 | D:6      | Killed an unseen horror
  4446 | D:7      | HP: 3/69 [wight/+0 scimitar (8)]
  4446 | D:7      | HP: 1/67 [wight/+0 scimitar (2)]
  4448 | D:7      | Slain by a necrophage

Illustrated notes

Levels and vault maps discovered:
D:1:      roderic_dead_forest, layout_rooms
D:2:      layout_rooms, serial_glass, glass_columns_b, glass_columns_a,
          glass_columns_c, glass_columns_c, glass_columns_a, glass_columns_a,
          grunt_decor_arrowhead, minivault_24
D:3:      minmay_door_path, layout_basic, serial_shops, shop,
          minmay_misc_feat_pillars, kennysheep_generic_room_8
D:4:      layout_rooms, nicolae_shop_dragon_depot
D:5:      minmay_opposing_rooms, layout_loops_ring, minmay_temple_entry_ruins,
          serial_shops, shop, nicolae_titane, uniq_ijyb
D:6:      layout_gridville, kennysheep_big_empty_room
D:7:      layout_layer_cave, mainiacjoe_overflow_paths, serial_shops,
          nicolae_shop_bloodbath_and_beyond

Skill      XL: |  1  2  3  4  5  6  7  8  9 |
---------------+----------------------------+-----
Axes           | 3 4 5 6 7 |  7.0
Fighting       | 3 4 5 6 7 |  7.0
Dodging        | 2 3 4 |  4.4
Armour         | 2 3 4 |  4.5
Evocations     | 2 3 |  3.0

Action                   |  1- 3 |  4- 6 |  7- 9 || total
-------------------------+-------+-------+-------++-------
Melee: Hand axe          |    84 |    69 |       ||   153
       Bite              |    26 |    29 |    57 ||   112
       War axe           |       |    41 |   215 ||   256
       Punch             |       |       |     2 ||     2
Invok: Berserk           |     2 |     2 |     3 ||     7
       Trog's Hand       |       |       |     2 ||     2
  Use: Scroll            |       |       |    10 ||    10
       Potion            |       |       |     2 ||     2
Armor: Animal skin       |    14 |       |       ||    14
       Scale mail        |    15 |    49 |   142 ||   206
Dodge: Dodged            |    45 |    83 |   123 ||   251

Table legend: (Time is in decaauts)
 A = Elapsed time spent in this place.
 B = Non-inter-level travel time spent in this place.
 C = Inter-level travel time spent in this place.
 D = Time resting spent in this place.
 E = Time spent auto-exploring this place.
 F = Levels seen in this place.
 G = Mean time per level.
                   A        B        C        D        E       F      G
               +--------+--------+--------+--------+--------+-----+--------+
         Total |   4586 |   4420 |    166 |    220 |   3096 |   7 |  655.1 |
       Dungeon |   4586 |   4420 |    166 |    220 |   3096 |   7 |  655.1 |
               +--------+--------+--------+--------+--------+-----+--------+

Top non-repeatable levels by time:
     D:5: 945 daAuts
     D:6: 877 daAuts
     D:3: 849 daAuts
     D:4: 647 daAuts
     D:1: 538 daAuts
     D:2: 505 daAuts
     D:7: 221 daAuts
